 Dungeon Crawl Stone Soup version 0.28.0-43-g3370ac3207 (webtiles) character file.

Game seed: 11909497089310805369

18310 nonceun the Severer (level 12, -5/115 HPs)
             Began as a Minotaur Berserker on Mar 10, 2022.
             Was a High Priest of Trog.
             Slain by a meliai
             ... wielding a +0 war axe
              (11 damage)
             ... on level 12 of the Dungeon.
             The game lasted 01:07:24 (12504 turns).

nonceun the Severer (Minotaur Berserker)           Turns: 12504, Time: 01:07:25

Health: -5/115     AC: 29    Str: 31    XL:     12   Next: 26%
Magic:  11/11      EV: 12    Int:  6    God:    Trog [*****.]
Gold:   698        SH:  0    Dex: 11    Spells: 11/11 levels left

rFire   . . .      SeeInvis .   a - +0 broad axe
rCold   + + .      Faith    .   (no shield)
rNeg    . . .      Spirit   .   k - +0 ice dragon scales
rPois   .          Reflect  .   (helmet restricted)
rElec   .          Harm     .   s - +2 cloak of the Wary Realms {Will+ Str+3}
rCorr   .          Rampage  .   D - +0 pair of gloves
Will    +++..                   B - +2 pair of boots
Stlth   ..........              t - amulet of regeneration
HPRegen 2.09/turn               i - ring of protection from fire
MPRegen 0.12/turn               L - ring of the Tortoise {AC+8}

@: lethally poisoned (-5 -> -8), strong-willed, regenerating, studying Armour
A: horns 2, retaliatory headbutt, clever 1, sense surroundings 1, strong 1
a: Renounce Religion, Berserk, Trog's Hand, Brothers in Arms


You were on level 12 of the Dungeon.
You worshipped Trog.
Trog was extremely pleased with you.
You visited 2 branches of the dungeon, and saw 13 of its levels.
You also visited: Bailey.

You collected 830 gold pieces.
You spent 132 gold pieces at shops.

Inventory:

Hand Weapons
 a - a +0 broad axe (weapon)
 b - a +1 battleaxe of flaming
Missiles
 d - 288 stones (quivered)
 g - a curare-tipped dart
 o - 18 poisoned darts
 F - 4 throwing nets
Armour
 k - +0 ice dragon scales (worn)
 n - a +0 crystal plate armour
 s - the +2 cloak of the Wary Realms (worn) {Will+ Str+3}
   (You found it in a bailey)

   Str:       It affects your strength (+3).
   Will:      It increases your willpower.
 B - a +2 pair of boots (worn)
 D - a +0 pair of gloves (worn)
 O - a +2 plate armour of cold resistance
Jewellery
 i - a ring of protection from fire (left hand)
 t - an amulet of regeneration (around neck)
 u - an amulet of reflection
 H - a ring of positive energy
 L - the ring of the Tortoise (right hand) {AC+8}
   (You found it on level 11 of the Dungeon)

   [ring of protection]

   AC:        It affects your AC (+8).
Wands
 p - a wand of iceblast (12)
 w - a wand of polymorph (4)
 z - a wand of acid (5)
Scrolls
 c - 2 scrolls of magic mapping {unknown}
 e - 2 scrolls of brand weapon {unknown}
 f - a scroll of fog
 h - 2 scrolls of silence
 j - a scroll of vulnerability
 m - 3 scrolls of amnesia {unknown}
 v - a scroll of blinking
 y - 2 scrolls of enchant armour
 C - 5 scrolls of teleportation {unknown}
 E - 2 scrolls of enchant weapon {unknown}
 G - 3 scrolls of summoning {unknown}
 K - a scroll of fear
Potions
 l - 5 potions of curing {unknown}
 q - 2 potions of lignification
 x - a potion of invisibility
 A - a potion of might {unknown}
 J - 2 potions of heal wounds {unknown}
 M - 2 potions of degeneration {unknown}
 N - a potion of ambrosia


   Skills:
 + Level 13.3 Fighting
 - Level 18.0 Axes
 + Level 10.0 Armour
 + Level 5.9 Dodging


You had 11 spell levels left.
You didn't know any spells.
Your spell library contained the following spells:

 Spells                   Type           Power      Damage    Failure   Level
 Beastly Appendage        Tmut           0%         N/A       69%         1
 Pain                     Necr           0%         1d4       69%         1
 Wereblood                Tmut           0%         N/A       83%         2
 Call Canine Familiar     Summ           0%         N/A       96%         3
 Conjure Flame            Conj/Fire      0%         6-21      96%         3
 Ignite Poison            Fire/Tmut/Pois 0%         N/A       96%         3
 Mephitic Cloud           Conj/Pois/Air  0%         N/A       96%         3
 Ozocubu's Armour         Ice            0%         N/A       96%         3
 Portal Projectile        Hex/Tloc       0%         N/A       96%         3
 Spider Form              Tmut/Pois      0%         N/A       96%         3
 Stone Arrow              Conj/Erth      0%         3d7       96%         3
 Animate Armour           Summ/Erth      0%         N/A       100%        4
 Fulminant Prism          Conj/Hex       0%         3d6       100%        4
 Iskenderun's Mystic Bla  Conj/Tloc      0%         2d3       100%        4
 Leda's Liquefaction      Hex/Erth       0%         N/A       100%        4
 Sticky Flame             Conj/Fire      0%         2d3       100%        4
 Summon Ice Beast         Ice/Summ       0%         N/A       100%        4
 Agony                    Necr           0%         N/A       100%        5
 Blade Hands              Tmut           0%         N/A       100%        5
 Excruciating Wounds      Necr           0%         N/A       100%        5
 Freezing Cloud           Conj/Ice/Air   0%         6-21      100%        5
 Lee's Rapid Deconstruct  Erth           0%         3d5*      100%        5
 Summon Mana Viper        Hex/Summ       0%         N/A       100%        5
 Iron Shot                Conj/Erth      0%         9d1       100%        6
 Monstrous Menagerie      Summ           0%         N/A       100%        7
 Ozocubu's Refrigeration  Ice            0%         4d5       100%        7
 Lehudib's Crystal Spear  Conj/Erth      0%         10d2      100%        8


Dungeon Overview and Level Annotations

Branches:
Dungeon (12/15)            Temple (0/1) D:4            Lair (1/6) D:8
    Orc (0/2) D:12         Bailey (visited)

Altars:
Elyvilon
Gozag
Hepliaklqana
Nemelex Xobeh
Trog
Uskayaw

Shops:
D:4 =   D:7 *

Annotations:
D:4 2 transporters, pkoi's ghost, amateur SpAE
D:12 !snorg, Snorg
Lair:1 !7-headed hydra by entrance


Innate Abilities, Weirdness & Mutations

You have a pair of horns on your head.
You reflexively headbutt those who attack you in melee.
Your mind is acute. (Int +2)
You passively map a small area around you.
Your muscles are strong. (Str +2)


Message History

The meliai is moderately wounded.
The meliai closely misses you. The meliai misses you.
The meliai hits you with a +0 war axe! The meliai closely misses you.
You miss the meliai.
The meliai is moderately wounded.
The meliai hits you with a +0 war axe! The meliai misses you. x3
Unknown command.
Your skin crawls.
You feel strong-willed. The meliai hits you with a +0 war axe!
The meliai stings you! The meliai barely misses you.
The meliai stings you but does no damage.
The meliai misses you.
The meliai stings you but does no damage.
You hit the meliai but do no damage. Your headbutt misses the meliai.
The meliai is moderately wounded.
The meliai barely misses you. x2; The meliai hits you with a +0 war axe!
* * * LOW HITPOINT WARNING * * *
The meliai closely misses you.
Your deep troll goes berserk!
The meliai hits you with a +0 war axe.
* * * LOW HITPOINT WARNING * * *
The meliai stings you.
* * * LOW HITPOINT WARNING * * *
The meliai hits you with a +0 war axe!
* * * LOW HITPOINT WARNING * * *
The meliai closely misses you. The meliai hits you but does no damage.
The meliai stings you but does no damage.
You slash the meliai! Your headbutt misses the meliai.
The meliai is severely wounded.
You hear an angry buzzing noise. x2
The meliai misses you. You furiously retaliate!
You headbutt the meliai, but do no damage.
The meliai stings you.
* * * LOW HITPOINT WARNING * * *
You are poisoned.
The meliai poisons you! The meliai hits you with a +0 war axe!
* * * LOW HITPOINT WARNING * * *
The meliai stings you!
You die...

..#..# #..... , ..#..#
#..... , ###..# #.... ## ,
, ###..#######.... * #.# ,
.<)............# #.# ,
...........>...##,#.# ,
..............†#.#!#
##.............##y#, , ,
.#............T)@#.# *
.#..............###y# .
.'................####....
##...............".†......
.(..............#####.####
, ########...............
, # #............... , #
#............... , #
#......#########


You could see a meliai (berserk, ally target) and a friendly deep troll
(summoned, berserk).

Vanquished Creatures
  Harold (D:11)
  2 two-headed ogres (D:11)
  A centaur warrior (D:8)
  A tengu warrior (D:8)
  A deep elf pyromancer (D:8)
  An orc knight (Bailey)
  2 manticores
  3 cyclopes
  2 ugly things (D:12)
  2 komodo dragons (D:8)
  2 hornets (D:8)
  3 shadows
  Sigmund (D:4)
  5 wyverns
  A wraith (D:12)
  17 yaks
  A basilisk (D:8)
  3 steam dragons
  2 vampire mosquitoes (D:10)
  2 two-headed ogre zombies (D:12)
  5 water moccasins
  A sky beast (D:7)
  An ice beast (D:6)
  11 orc warriors
  A black bear (D:5)
  2 necrophages
  3 ogres
  5 centaurs
  A kobold brigand (D:9)
  Blork the orc (D:4)
  2 bullfrogs
  2 gnoll sergeants
  2 scorpions
  A water moccasin skeleton (D:4)
  10 killer bees
  3 wights (D:6)
  A howler monkey (D:9)
  An electric eel (Lair:1)
  A lava snake (Lair:1)
  4 centaur zombies
  6 hounds
  3 jellies
  6 orc priests
  A bullfrog skeleton (D:7)
  A centaur skeleton (D:6)
  5 iguanas
  Ijyb (D:3)
  7 orc wizards
  4 ogre zombies (D:12)
  2 howler monkey zombies (D:8)
  9 gnolls
  13 adders
  A shadow imp (D:7)
  4 ufetubi
  3 worms
  2 dart slugs
  49 orcs
  5 bats (D:3)
  9 endoplasms
  4 giant cockroaches
  12 goblins
  7 hobgoblins
  4 jackals (D:1)
  16 kobolds
  6 quokkas
  8 ball pythons
  7 frilled lizards
  A goblin zombie (D:12)
  A hobgoblin skeleton (D:12)
  2 hobgoblin zombies (D:12)
  2 orc skeletons (D:12)
  15 orc zombies (D:12)
  3 rats
330 creatures vanquished.

Vanquished Creatures (collateral kills)
  Psyche (D:9)
  A yak (D:9)
2 creatures vanquished.

Vanquished Creatures (others)
  4 fungi (D:8)
  14 plants (D:8)
18 creatures vanquished.

Grand Total: 350 creatures vanquished

Notes
Turn   | Place    | Note
-------+----------+-------------------------------------------
     0 | D:1      | nonceun the Minotaur Berserker began the quest for the Orb.
     0 | D:1      | Reached XP level 1. HP: 19/19 MP: 0/0
   167 | D:1      | Reached skill level 4 in Axes
   226 | D:1      | Reached XP level 2. HP: 9/26 MP: 1/1
   481 | D:1      | Found a faded altar of an unknown god.
   855 | D:1      | Reached skill level 5 in Axes
   913 | D:1      | Reached XP level 3. HP: 20/31 MP: 2/2
  1646 | D:2      | Reached ** piety under Trog
  1653 | D:2      | Identified the +1 ring mail "Nueghi" {rC- Dex+5}
  2040 | D:2      | Reached skill level 6 in Axes
  2040 | D:2      | Reached XP level 4. HP: 39/39 MP: 3/3
  2778 | D:3      | Reached skill level 7 in Axes
  2778 | D:3      | Reached XP level 5. HP: 39/45 MP: 4/4
  3129 | D:3      | Reached *** piety under Trog
  3252 | D:3      | Found a hazy altar of Hepliaklqana.
  3252 | D:3      | Found a hide-covered altar of Uskayaw.
  3273 | D:3      | Noticed Ijyb
  3281 | D:3      | Killed Ijyb
  3326 | D:3      | Reached skill level 8 in Axes
  3573 | D:4      | Found Miuca's Jewellery Emporium.
  3580 | D:4      | Reached XP level 6. HP: 37/51 MP: 5/5
  3749 | D:4      | Reached skill level 9 in Axes
  3797 | D:4      | Reached XP level 7. HP: 57/57 MP: 6/6
  3898 | D:4      | Found a staircase to the Ecumenical Temple.
  3930 | D:4      | Noticed Sigmund
  3951 | D:4      | Killed Sigmund
  3952 | D:4      | Reached skill level 10 in Axes
  4024 | D:4      | Found an opulent altar of Gozag.
  4119 | D:4      | Found a transporter.
  4122 | D:4      | Found a transporter.
  4177 | D:4      | Noticed pkoi's ghost (amateur SpAE)
  4189 | D:4      | Noticed Blork the orc
  4199 | D:4      | Killed Blork the orc
  4200 | D:4      | Reached skill level 11 in Axes
  4420 | D:5      | Entered Level 5 of the Dungeon
  4467 | D:5      | Reached XP level 8. HP: 67/67 MP: 7/7
  4973 | D:5      | Reached **** piety under Trog
  4974 | D:5      | Reached skill level 12 in Axes
  5370 | D:6      | Reached skill level 5 in Fighting
  5704 | D:6      | Reached skill level 13 in Axes
  6528 | D:7      | Reached XP level 9. HP: 57/74 MP: 8/8
  6596 | D:7      | Reached skill level 14 in Axes
  7090 | D:7      | Found Borem's Assorted Antiques.
  7095 | D:7      | Bought a ruby potion for 31 gold pieces
  7095 | D:7      | Bought a scroll labelled GADDO ZURARU for 35 gold pieces
  7095 | D:7      | Bought a scroll labelled GADDO ZURARU for 35 gold pieces
  7095 | D:7      | Bought a yellow potion for 31 gold pieces
  7524 | D:8      | Reached skill level 5 in Armour
  7609 | D:8      | Reached skill level 15 in Axes
  7635 | D:8      | Reached XP level 10. HP: 34/86 MP: 9/9
  7857 | D:8      | Noticed a deep elf pyromancer
  8352 | D:9      | Noticed Psyche
  8361 | D:9      | Killed Psyche
  8409 | D:9      | Reached skill level 16 in Axes
  8678 | D:9      | Reached skill level 5 in Dodging
  9111 | D:10     | Entered Level 10 of the Dungeon
  9169 | D:10     | Found a white marble altar of Elyvilon.
  9340 | D:10     | Found a flagged portal.
  9354 | D:10     | Reached XP level 11. HP: 65/97 MP: 10/10
  9366 | Bailey   | Entered a bailey
  9580 | Bailey   | Noticed an orc knight
  9650 | Bailey   | Killed an orc knight
  9769 | Bailey   | Identified the +2 cloak of the Wary Realms {Will+ Str+3}
 10018 | D:10     | Reached skill level 10 in Fighting
 10047 | D:10     | Found a sparkling altar of Nemelex Xobeh.
 10483 | D:10     | Found a bloodstained altar of Trog.
 10637 | D:11     | Reached skill level 17 in Axes
 10771 | D:11     | Noticed Harold
 10787 | D:11     | Killed Harold
 11100 | D:11     | Found the ring of the Tortoise {AC+8}
 11407 | D:12     | Noticed a red ugly thing
 11418 | D:12     | Killed a red ugly thing
 11430 | D:12     | Noticed Snorg
 11493 | D:8      | Found a staircase to the Lair.
 11515 | Lair:1   | Entered Level 1 of the Lair of Beasts
 11530 | Lair:1   | Noticed a seven-headed hydra
 11702 | D:8      | Noticed a centaur warrior
 11713 | D:8      | Killed a centaur warrior
 11718 | D:8      | Reached ***** piety under Trog
 11770 | D:8      | Reached skill level 18 in Axes
 11779 | D:8      | Reached skill level 10 in Armour
 11883 | D:8      | Noticed a tengu warrior
 11895 | D:8      | Killed a tengu warrior
 11979 | D:8      | Killed a deep elf pyromancer
 12078 | D:8      | Gained mutation: You have large cloven feet. [potion of
                  | mutation]
 12079 | D:8      | Lost mutation: You have large cloven feet. [potion of
                  | mutation]
 12079 | D:8      | Gained mutation: You are clumsy. (Dex -2) [potion of
                  | mutation]
 12079 | D:8      | Gained mutation: Your system is resistant to poisons.
                  | (rPois) [potion of mutation]
 12079 | D:8      | Gained mutation: You are somewhat resistant to further
                  | mutation. [potion of mutation]
 12080 | D:8      | Lost mutation: You are somewhat resistant to further
                  | mutation. [potion of mutation]
 12080 | D:8      | Lost mutation: You are clumsy. (Dex -2) [potion of
                  | mutation]
 12080 | D:8      | Lost mutation: Your system is resistant to poisons. (rPois)
                  | [potion of mutation]
 12080 | D:8      | Gained mutation: Your mind is acute. (Int +2) [potion of
                  | mutation]
 12080 | D:8      | Gained mutation: You passively map a small area around you.
                  | [potion of mutation]
 12080 | D:8      | Gained mutation: Your muscles are strong. (Str +2) [potion
                  | of mutation]
 12156 | D:12     | Noticed a two-headed ogre
 12174 | D:11     | Killed a two-headed ogre
 12175 | D:11     | Reached XP level 12. HP: 112/112 MP: 11/11
 12190 | D:12     | Noticed a two-headed ogre
 12210 | D:11     | Killed a two-headed ogre
 12250 | D:12     | Found a staircase to the Orcish Mines.
 12480 | D:12     | Received a gift from Trog
 12504 | D:12     | Slain by a meliai

Illustrated notes

Levels and vault maps discovered:
D:1:      lemuel_arrival_funnel, layout_loops_cross, basic_ecumenical_altar,
          nicolae_figureground_pulse
D:2:      layout_basic, serial_forest, infiniplex_forest_lined_3_way,
          infiniplex_forest_lined_2, infiniplex_forest_end_2,
          infiniplex_forest_clump_tiny, infiniplex_forest_lined_2,
          infiniplex_forest_lined_room_2, infiniplex_forest_corner_1,
          minivault_26
D:3:      layout_rooms, jmf_multi_god_temple, minmay_fractal_squares_gapless_5,
          uniq_ijyb
D:4:      layout_rooms, nicolae_gozag_cash_rules_everything_around_me,
          minmay_temple_entry_poolview, serial_shops, shop,
          gammafunk_ghost_mausoleum, uniq_blork_the_orc, uniq_sigmund
D:5:      layout_basic
D:6:      layout_basic, serial_curves, eino_curves_03, eino_curves_03,
          minmay_door_square
D:7:      layout_basic, serial_shops, kennysheep_little_box
D:8:      nzn_winding_woodlands_small [nzn_winding_woodlands_5x15_sidewinder,
          nzn_winding_woodlands_center_triple_pond,
          nzn_winding_woodlands_5x15_longhouse], layout_gridville,
          minmay_lair_entry_grove
D:9:      layout_loops_cross, uniq_psyche
D:10:     layout_irregular_city, minitemple, enter_bailey_3,
          kennysheep_generic_room_10
D:11:     layout_stronghold, serial_column_ruins, column_ruins_circle_large,
          column_ruins_columns_straight, column_ruins_grid_4,
          column_ruins_open_small, column_ruins_open_small, column_ruins_grid_1,
          column_ruins_grid_1, uniq_harold
D:12:     minmay_guarded_unrand_guard, layout_irregular_city, zombieorc2_lemuel,
          minivault_7, uniq_snorg
Lair:1:   layout_cave_pods, nicolae_lair_liquid_snakes, serial_bayou_shore_a,
          lemuel_fruit_fields, grunt_megastairs_4

Skill      XL: |  1  2  3  4  5  6  7  8  9 10 11 12 |
---------------+-------------------------------------+-----
Axes           | 4 5 6 7 8 9 11 13 15 16 18 | 18.0
Fighting       | 4 5 7 9 12 13 | 13.3
Armour         | 5 10 | 10.0
Dodging        | 3 5 |  5.9

Action                   |  1- 3 |  4- 6 |  7- 9 | 10-12 || total
-------------------------+-------+-------+-------+-------++-------
Melee: Hand axe          |   121 |    67 |       |       ||   188
       Headbutt          |    15 |    16 |    46 |   110 ||   187
       Punch             |     1 |     2 |     9 |     6 ||    18
       War axe           |       |    44 |   278 |   248 ||   570
       Broad axe         |       |       |       |   286 ||   286
Throw: Stone             |       |       |     3 |     1 ||     4
Invok: Berserk           |       |     1 |     2 |     2 ||     5
       Brothers in Arms  |       |       |     1 |     2 ||     3
       Trog's Hand       |       |       |       |     8 ||     8
Evoke: Wand              |       |       |       |     5 ||     5
  Use: Scroll            |       |       |       |    10 ||    10
       Potion            |       |       |       |     6 ||     6
Armor: Animal skin       |    10 |       |       |       ||    10
       Ring mail         |     9 |    28 |    59 |    17 ||   113
       Scale mail        |       |       |     1 |       ||     1
       Plate armour      |       |       |       |   154 ||   154
       Ice dragon scales |       |       |       |    66 ||    66
Dodge: Dodged            |    65 |    59 |   114 |   206 ||   444
